TOP OF THE 1ST |
Altoona Curve batting - Pitching for Reading Fightin Phils : RHP Jason Vigil
|
Pitching: RHP Jason Vigil
|
|
Batting: LHB Joe Hoover
|
0-0: Swinging Strike 0-1: Foul Ball, location: 2F 0-2: Fly out, F7 (Flyball, 7, EV 82.5 MPH)
|
Batting: LHB Phil DeCamp
|
0-0: Called Strike 0-1: Foul Ball, location: 2F 0-2: Foul Ball, location: 2F 0-2: Ball 1-2: Ball 2-2: Ball 3-2: Base on Balls
|
Batting: LHB Ruben Garza
|
0-0: Called Strike 0-1: Swinging Strike 0-2: Foul Ball, location: 2F 0-2: Ball 1-2: Ball 2-2: Ball 3-2: Base on Balls Phil DeCamp to second
|
Batting: RHB Zach Chmieleski
|
0-0: Ball 1-0: Swinging Strike 1-1: Called Strike 1-2: Strikes out swinging
|
Batting: SHB Mike Corley
|
0-0: Ball 1-0: Called Strike 1-1: Ball 2-1: Foul Ball, location: 2F 2-2: Fielders Choice at 2nd, 5-4 (Groundball, 56, EV 86.2 MPH)
|
Top of the 1st over - 0 runs, 0 hits, 0 errors, 2 left on base; Altoona 0 - Reading 0 |
BOTTOM OF THE 1ST |
Reading Fightin Phils batting - Pitching for Altoona Curve : RHP Tony Ortiz
|
Pitching: RHP Tony Ortiz
|
|
Batting: RHB Prabhukumar Santhanakrishnan
|
0-0: Called Strike 0-1: Foul Ball, location: 2F 0-2: Strikes out swinging
|
Batting: RHB Mark Schultz
|
0-0: Foul Ball, location: 2F 0-1: Ball 1-1: Ball 2-1: Fly out, F9 (Line Drive, 89M, EV 88.1 MPH)
|
Batting: LHB Josh George
|
0-0: Ball 1-0: SINGLE (Flyball, 8LS, EV 86.2 MPH)
|
Batting: RHB Abel Surraca
|
0-0: Fielders Choice at 2nd, 6-4 (Groundball, 56D, EV 88.8 MPH)
|
Bottom of the 1st over - 0 runs, 1 hit, 0 errors, 1 left on base; Altoona 0 - Reading 0 |
TOP OF THE 2ND |
Altoona Curve batting - Pitching for Reading Fightin Phils : RHP Jason Vigil
|
Batting: RHB Chris McCoy
|
0-0: Foul Ball, location: 2F 0-1: Called Strike 0-2: Ball 1-2: Strikes out looking
|
Batting: LHB Brandon Sarni
|
0-0: Swinging Strike 0-1: Ball 1-1: Called Strike 1-2: Ball 2-2: Foul Ball, location: 2F 2-2: Strikes out swinging
|
Batting: SHB Curtis Thompson
|
0-0: Foul Ball, location: 2F 0-1: Ball 1-1: Swinging Strike 1-2: SINGLE (Groundball, 34D, EV 100.6 MPH)
|
Batting: RHB Pleun Smit
|
0-0: Ball 1-0: Ball Curtis Thompson steals 2nd base 2-0: Fly out, F8 (Flyball, 8RD, EV 84.4 MPH)
|
Top of the 2nd over - 0 runs, 1 hit, 0 errors, 1 left on base; Altoona 0 - Reading 0 |
BOTTOM OF THE 2ND |
Reading Fightin Phils batting - Pitching for Altoona Curve : RHP Tony Ortiz
|
Batting: RHB Victor Arroyo
|
0-0: Called Strike 0-1: Ground out 1-3 (Groundball, 25, EV 70.6 MPH)
|
Batting: LHB Alex Fernandez
|
0-0: Ball 1-0: Ball 2-0: Ball 3-0: Base on Balls
|
Batting: RHB Kyle Reilly
|
0-0: Swinging Strike 0-1: Foul Ball, location: 2F 0-2: Foul Ball, location: 2F 0-2: Strikes out swinging
|
Batting: RHB Josh Baker
|
0-0: Called Strike 0-1: Called Strike 0-2: Foul Ball, location: 2F 0-2: Ball 1-2: Fly out, F8 (Flyball, 8RM, EV 78.1 MPH)
|
Bottom of the 2nd over - 0 runs, 0 hits, 0 errors, 1 left on base; Altoona 0 - Reading 0 |
TOP OF THE 3RD |
Altoona Curve batting - Pitching for Reading Fightin Phils : RHP Jason Vigil
|
Batting: LHB Joe Hoover
|
0-0: Foul Ball, location: 2F 0-1: Foul Ball, location: 2F 0-2: Foul Ball, location: 2F 0-2: SINGLE (Groundball, 34D, EV 108.1 MPH)
|
Batting: LHB Phil DeCamp
|
0-0: Called Strike Joe Hoover steals 2nd base 0-1: Ball 1-1: Ball 2-1: Ball 3-1: Swinging Strike 3-2: Strikes out looking
|
Batting: LHB Ruben Garza
|
0-0: Ball 1-0: Swinging Strike 1-1: Swinging Strike 1-2: Ball 2-2: Ball 3-2: Strikes out looking
|
Batting: RHB Zach Chmieleski
|
0-0: Called Strike 0-1: Ball 1-1: Fly out, F9 (Flyball, 9S, EV 93.1 MPH)
|
Top of the 3rd over - 0 runs, 1 hit, 0 errors, 1 left on base; Altoona 0 - Reading 0 |
BOTTOM OF THE 3RD |
Reading Fightin Phils batting - Pitching for Altoona Curve : RHP Tony Ortiz
|
Batting: RHB Leon Edwards
|
0-0: Ball 1-0: Foul Ball, location: 2F 1-1: Swinging Strike 1-2: Foul Ball, location: 2F 1-2: Ball 2-2: Ground out 6-3 (Groundball, 6, EV 81.2 MPH)
|
Batting: RHB Prabhukumar Santhanakrishnan
|
0-0: Ball 1-0: Ground out 6-3 (Groundball, 6M, EV 83.8 MPH)
|
Batting: RHB Mark Schultz
|
0-0: Foul Ball, location: 2F 0-1: Ball 1-1: Ball 2-1: SINGLE (Groundball, 6M, EV 97.5 MPH)
|
Batting: LHB Josh George
|
0-0: Ball 1-0: Foul Ball, location: 2F 1-1: Fly out, F8 (Flyball, 8RXD, EV 85.6 MPH)
|
Bottom of the 3rd over - 0 runs, 1 hit, 0 errors, 1 left on base; Altoona 0 - Reading 0 |
TOP OF THE 4TH |
Altoona Curve batting - Pitching for Reading Fightin Phils : RHP Jason Vigil
|
Batting: SHB Mike Corley
|
0-0: Called Strike 0-1: Foul Ball, location: 2F 0-2: SOLO HOME RUN (Flyball, 9D, EV 93.1 MPH), Distance : 376 ft
|
Batting: RHB Chris McCoy
|
0-0: Called Strike 0-1: Ball 1-1: Foul Ball, location: 2F 1-2: Ball 2-2: Strikes out looking
|
Batting: LHB Brandon Sarni
|
0-0: Called Strike 0-1: Ground out 6-3 (Groundball, 6, EV 108.8 MPH)
|
Batting: SHB Curtis Thompson
|
0-0: Ball 1-0: Foul Ball, location: 2F 1-1: Fly out, F7 (Line Drive, 78M, EV 85.6 MPH)
|
Top of the 4th over - 1 run, 1 hit, 0 errors, 0 left on base; Altoona 1 - Reading 0 |
BOTTOM OF THE 4TH |
Reading Fightin Phils batting - Pitching for Altoona Curve : RHP Tony Ortiz
|
Batting: RHB Abel Surraca
|
0-0: Swinging Strike 0-1: Fly out, F8 (Flyball, 8RD, EV 91.9 MPH)
|
Batting: RHB Victor Arroyo
|
0-0: Ball 1-0: Swinging Strike 1-1: DOUBLE (Line Drive, 89D, EV 101.9 MPH)
|
Batting: LHB Alex Fernandez
|
0-0: SINGLE (Flyball, 5D, EV 97.5 MPH) Victor Arroyo to third
|
Batting: RHB Kyle Reilly
|
0-0: Ball 1-0: Called Strike Alex Fernandez steals 2nd base 1-1: Fly out, F8 (Flyball, 8RD, EV 103.8 MPH) Runner from 3rd tags up, OUT at HOME! 8-2
|
Bottom of the 4th over - 0 runs, 2 hits, 0 errors, 1 left on base; Altoona 1 - Reading 0 |
TOP OF THE 5TH |
Altoona Curve batting - Pitching for Reading Fightin Phils : RHP Jason Vigil
|
Batting: RHB Pleun Smit
|
0-0: Ball 1-0: Called Strike 1-1: Swinging Strike 1-2: Ball 2-2: Strikes out looking
|
Batting: LHB Joe Hoover
|
0-0: Swinging Strike 0-1: Swinging Strike 0-2: SOLO HOME RUN (Flyball, 9LD, EV 94.4 MPH), Distance : 345 ft
|
Batting: LHB Phil DeCamp
|
0-0: Called Strike 0-1: Called Strike 0-2: Ball 1-2: Ball 2-2: Ball 3-2: Base on Balls
|
Batting: LHB Ruben Garza
|
0-0: Called Strike 0-1: Ball 1-1: Ball 2-1: Foul Ball, location: 2F 2-2: Fielders Choice at 2nd, 4-6 (Groundball, 34, EV 104.4 MPH)
|
Batting: RHB Zach Chmieleski
|
0-0: Ball 1-0: Swinging Strike 1-1: Ground out 2-3 (Groundball, 2L, EV 65.6 MPH)
|
Top of the 5th over - 1 run, 1 hit, 0 errors, 1 left on base; Altoona 2 - Reading 0 |
BOTTOM OF THE 5TH |
Reading Fightin Phils batting - Pitching for Altoona Curve : RHP Tony Ortiz
|
Batting: RHB Josh Baker
|
0-0: Ball 1-0: Ball 2-0: Foul Ball, location: 2F 2-1: Foul Ball, location: 2F 2-2: Ball 3-2: Strikes out swinging
|
Batting: RHB Leon Edwards
|
0-0: Ball 1-0: Ball 2-0: Foul Ball, location: 2F 2-1: Ground out U3 (Groundball, 3S, EV 81.2 MPH)
|
Batting: RHB Prabhukumar Santhanakrishnan
|
0-0: Ball 1-0: Ground out 1-3 (Groundball, 15, EV 60.6 MPH)
|
Bottom of the 5th over - 0 runs, 0 hits, 0 errors, 0 left on base; Altoona 2 - Reading 0 |
TOP OF THE 6TH |
Altoona Curve batting - Pitching for Reading Fightin Phils : RHP Jason Vigil
|
Pitching: LHP Roger Farley
|
|
Batting: SHB Mike Corley
|
0-0: Foul Ball, location: 2F 0-1: TRIPLE (Line Drive, 8RXD, EV 108.1 MPH)
|
Batting: RHB Chris McCoy
|
0-0: Ball 1-0: Foul Ball, location: 2F 1-1: Foul Ball, location: 2F 1-2: Ground out 4-3 (Groundball, 34, EV 91.9 MPH) Mike Corley scores
|
Batting: LHB Brandon Sarni
|
0-0: Foul Ball, location: 2F 0-1: Swinging Strike 0-2: Foul Ball, location: 2F 0-2: Strikes out swinging
|
Batting: SHB Curtis Thompson
|
0-0: Ground out 6-3 (Groundball, 6, EV 76.2 MPH)
|
Top of the 6th over - 1 run, 1 hit, 0 errors, 0 left on base; Altoona 3 - Reading 0 |
BOTTOM OF THE 6TH |
Reading Fightin Phils batting - Pitching for Altoona Curve : RHP Tony Ortiz
|
Batting: RHB Mark Schultz
|
0-0: Swinging Strike 0-1: Ground out U3 (Groundball, 3L, EV 105.0 MPH)
|
Batting: LHB Josh George
|
0-0: Ball 1-0: Foul Ball, location: 2F 1-1: Foul Ball, location: 2F 1-2: Foul Ball, location: 2F 1-2: Ball 2-2: Fly out, F9 (Line Drive, 89M, EV 100.0 MPH)
|
Batting: RHB Abel Surraca
|
0-0: Ball 1-0: Ball 2-0: Ball 3-0: Called Strike 3-1: Foul Ball, location: 2F 3-2: Strikes out looking
|
Bottom of the 6th over - 0 runs, 0 hits, 0 errors, 0 left on base; Altoona 3 - Reading 0 |
TOP OF THE 7TH |
Altoona Curve batting - Pitching for Reading Fightin Phils : LHP Roger Farley
|
Batting: RHB Pleun Smit
|
0-0: Ball 1-0: Ball 2-0: Ball 3-0: Called Strike 3-1: Ground out 5-3 (Groundball, 56S, EV 69.4 MPH)
|
Batting: LHB Joe Hoover
|
0-0: Ball 1-0: Ground out 4-3 (Groundball, 4, EV 91.2 MPH)
|
Batting: LHB Phil DeCamp
|
0-0: Foul Ball, location: 2F 0-1: Called Strike 0-2: Ball 1-2: Ball 2-2: Ball 3-2: Strikes out swinging
|
Top of the 7th over - 0 runs, 0 hits, 0 errors, 0 left on base; Altoona 3 - Reading 0 |
BOTTOM OF THE 7TH |
Reading Fightin Phils batting - Pitching for Altoona Curve : RHP Tony Ortiz
|
Batting: RHB Victor Arroyo
|
0-0: Called Strike 0-1: Swinging Strike 0-2: Foul Ball, location: 2F 0-2: Foul Ball, location: 2F 0-2: Foul Ball, location: 2F 0-2: Ball 1-2: Ball 2-2: Reached on error, E9 (Flyball, 89S, EV 81.2 MPH)
|
Batting: LHB Alex Fernandez
|
Pickoff Throw to First - Out! 1-3 CS 0-0: Ball 1-0: Swinging Strike 1-1: Fly out, F9 (Flyball, 89M, EV 73.1 MPH)
|
Batting: RHB Kyle Reilly
|
0-0: Ball 1-0: Ball 2-0: Foul Ball, location: 2F 2-1: Ball 3-1: Called Strike 3-2: Base on Balls
|
Pitching: RHP Bobby Detmer
|
|
Batting: RHB Josh Baker
|
0-0: Called Strike 0-1: Ball 1-1: Ball 2-1: Ball 3-1: Called Strike Kyle Reilly is caught stealing 2nd base 2-4
|
Bottom of the 7th over - 0 runs, 0 hits, 1 error, 0 left on base; Altoona 3 - Reading 0 |
TOP OF THE 8TH |
Altoona Curve batting - Pitching for Reading Fightin Phils : LHP Roger Farley
|
Pitching: LHP Hiroshi Mukae
|
|
Batting: LHB Ruben Garza
|
0-0: Ball 1-0: Called Strike 1-1: Ball 2-1: Called Strike 2-2: Strikes out swinging
|
Batting: RHB Zach Chmieleski
|
0-0: Ball 1-0: Swinging Strike 1-1: SOLO HOME RUN (Flyball, 7LD, EV 91.2 MPH), Distance : 335 ft
|
Batting: SHB Mike Corley
|
0-0: Ball 1-0: Ball 2-0: Ball 3-0: Called Strike 3-1: SINGLE (Groundball, 5S, EV 70.6 MPH) (infield hit)
|
Batting: RHB Chris McCoy
|
0-0: Ball Mike Corley is caught stealing 2nd base 2-4 1-0: Called Strike 1-1: Ball 2-1: Ball 3-1: Ground out 6-3 (Groundball, 6, EV 105.0 MPH)
|
Top of the 8th over - 1 run, 2 hits, 0 errors, 0 left on base; Altoona 4 - Reading 0 |
BOTTOM OF THE 8TH |
Reading Fightin Phils batting - Pitching for Altoona Curve : RHP Bobby Detmer
|
Batting: RHB Josh Baker
|
0-0: Called Strike 0-1: Swinging Strike 0-2: Strikes out swinging
|
Pinch Hitting: LHB Doug Frampton
|
0-0: Ball 1-0: Ball 2-0: Called Strike 2-1: Foul Ball, location: 2F 2-2: Foul Ball, location: 2F 2-2: Foul Ball, location: 2F 2-2: Fly out, F8 (Flyball, 89M, EV 86.2 MPH)
|
Batting: RHB Prabhukumar Santhanakrishnan
|
0-0: Ball 1-0: Foul Ball, location: 2F 1-1: Ground out 5-3 (Groundball, 56S, EV 83.1 MPH)
|
Bottom of the 8th over - 0 runs, 0 hits, 0 errors, 0 left on base; Altoona 4 - Reading 0 |
TOP OF THE 9TH |
Altoona Curve batting - Pitching for Reading Fightin Phils : LHP Hiroshi Mukae
|
Pitching: RHP Ubbe Dekker
|
|
Now at 2B: Mark Schultz
|
|
Now at SS: Detlef Oursler
|
|
Batting: LHB Brandon Sarni
|
0-0: Ball 1-0: Ball 2-0: Swinging Strike 2-1: Foul Ball, location: 2F 2-2: Ball 3-2: Base on Balls
|
Batting: SHB Curtis Thompson
|
0-0: Ball 1-0: Called Strike Brandon Sarni is caught stealing 2nd base 2-6 1-1: Swinging Strike 1-2: Ball 2-2: Foul Ball, location: 2F 2-2: Ball 3-2: Foul Ball, location: 2F 3-2: Foul Ball, location: 2F 3-2: Foul Ball, location: 2F 3-2: Foul Ball, location: 2F 3-2: Base on Balls
|
Batting: RHB Pleun Smit
|
0-0: Called Strike 0-1: Ball 1-1: Called Strike 1-2: SINGLE (Line Drive, 78S, EV 101.2 MPH) Curtis Thompson to second Curtis Thompson to third
|
Batting: LHB Joe Hoover
|
0-0: Swinging Strike 0-1: Ball Pleun Smit steals 2nd base 1-1: Ball 2-1: Fly out, F1 (Line Drive, P, EV 61.2 MPH)
|
Batting: LHB Phil DeCamp
|
0-0: Ball 1-0: Ball 2-0: Ball 3-0: Called Strike 3-1: Ground out 4-3 (Groundball, 4, EV 108.1 MPH)
|
Top of the 9th over - 0 runs, 1 hit, 0 errors, 2 left on base; Altoona 4 - Reading 0 |
BOTTOM OF THE 9TH |
Reading Fightin Phils batting - Pitching for Altoona Curve : RHP Bobby Detmer
|
Batting: RHB Mark Schultz
|
0-0: Swinging Strike 0-1: Called Strike 0-2: Fly out, F4 (Popup, 34S, EV 83.8 MPH)
|
Batting: LHB Josh George
|
0-0: Foul Ball, location: 2F 0-1: Swinging Strike 0-2: Fly out, F8 (Flyball, 8LXD, EV 93.8 MPH)
|
Batting: RHB Abel Surraca
|
0-0: Ball 1-0: Ball 2-0: Foul Ball, location: 2F 2-1: Called Strike 2-2: Foul Ball, location: 2F 2-2: Strikes out swinging
|
Bottom of the 9th over - 0 runs, 0 hits, 0 errors, 0 left on base; Altoona 4 - Reading 0 |
|